 Dungeon Sprint DCSS version 0.30-a0-802-gb92711bcdf (webtiles) character file.

Game seed: 409060040707337384

693 sircluck the Grappler (level 7, -1/79 HPs)
             Began as a Troll Berserker on Feb 23, 2023.
             Was a Priest of Trog.
             Slain by a kobold demonologist
             ... wielding a +0 dagger
              (5 damage)
             ... in the Dungeon (Sprint I: "Red Sonja").
             The game lasted 00:01:38 (242 turns).

sircluck the Grappler (Troll Berserker)              Turns: 242, Time: 00:01:39

Health: -1/79      AC:  4    Str: 28    XL:     7   Next: 37%
Magic:  6/6        EV: 12    Int:  3    God:    Trog [***...]
Gold:   292        SH:  0    Dex:  9    Spells: 6/6 levels left

rFire   . . .      SeeInvis .      - Unarmed
rCold   . . .      Faith    .    (no shield)
rNeg    . . .      Spirit   .    a - +0 animal skin
rPois   .          Reflect  .    (helmet restricted)
rElec   .          Harm     .    (no cloak)
rCorr   .          Rampage  .    (gloves unavailable)
Will    .....      NoTele   +    (boots unavailable)
Stlth   +                        j - amulet of the acrobat
HPRegen 1.13/turn                (no ring)
MPRegen 0.10/turn                (no ring)

@: no status effects
A: large, unfitting armour, claws 3, regeneration 1, shaggy fur 1, tough skin 1
a: Renounce Religion, Berserk, Trog's Hand


You were in the Dungeon.
You worshipped Trog.
Trog was most pleased with you.
You visited 1 branch You collected 432 gold pieces.
You spent 140 gold pieces at shops.

Inventory:

Armour
 a - a +0 animal skin (worn)
Jewellery
 j - an amulet of the acrobat (around neck)
Wands
 h - a wand of digging (1)
Scrolls
 g - a scroll of blinking
 k - a scroll of identify {unknown}
Potions
 b - a potion of curing
 c - a potion of heal wounds
 d - a potion of haste
 e - 2 potions of magic
 f - a potion of berserk rage
 i - a potion of attraction {unknown}


   Skills:
 + Level 7.7 Fighting
 + Level 8.2 Dodging
 + Level 0.2 Stealth
 + Level 10.4 Unarmed Combat


You had 6 spell levels left.
You didn't know any spells.
Your spell library was empty.

Dungeon Overview and Level Annotations

Branches:
Dungeon (1/1)

Altars:
Cheibriados
Dithmenos
Elyvilon
Fedhas
Gozag
Hepliaklqana
Kikubaaqudgha
Makhleb
Nemelex Xobeh
Okawaru
Qazlal
Ru
Sif Muna
Trog
Uskayaw
Vehumet
Wu Jian
Xom
Yredelemnul
Zin
The Shining One
Jiyva
Lugonu

Shops:
D *


Innate Abilities, Weirdness & Mutations

You are too large for most types of armour.
You have claws for hands.
Your natural rate of healing is unusually fast.
You are covered in fur. (AC +1)
You have tough skin. (AC +1)


Message History

The kobold demonologist gestures wildly while chanting.
You can move again.
You see here 27 gold pieces.
You barely miss the floating eye. The floating eye seems to glare at you.
The kobold demonologist barely misses you.
You mangle the floating eye!!
You kill the floating eye!
Trog accepts your kill. The ice devil misses you.
The kobold demonologist gestures wildly while chanting.
Your Dodging skill increases to level 8!
You closely miss the kobold demonologist.
The ice devil barely misses you.
The kobold demonologist mumbles some strange words.
The kobold demonologist misses you.
You closely miss the kobold demonologist.
Your claw misses the kobold demonologist.
The crimson imp closely misses you. The ice devil hits you!
The ice devil freezes you!
You closely miss the kobold demonologist.
The kobold demonologist hits you but does no damage.
The kobold demonologist misses you. The crimson imp hits you.
The ice devil barely misses you.
You miss the kobold demonologist.
The kobold demonologist miscasts a cantrip.
The kobold demonologist hits you with a +0 dagger.
The crimson imp misses you.
You barely miss the kobold demonologist.
The ice devil hits you. The ice devil freezes you!
The kobold demonologist hits you with a +0 dagger. x2
The crimson imp closely misses you.
You claw the kobold demonologist!
The kobold demonologist is heavily wounded.
The ice devil hits you!
* * * LOW HITPOINT WARNING * * *
The ice devil freezes you!
* * * LOW HITPOINT WARNING * * *
The kobold demonologist hits you with a +0 dagger.
You die...

#######################
#..+..#.)'..#__#@K55..#
').#..)..#..'..45K#5..#
#####'#####'#__#### ..+
####..#...#[#### ##
#__####..##.#
#_____##'#_.+
#_.∩...'..._#
._..__##_.#+#
#_____###+#


You could see an ice devil (summoned), 2 kobold demonologists, a quasit
(summoned) and 3 crimson imps.

Vanquished Creatures
  A slime creature (D)
  Sigmund (D)
  A yak (D)
  A floating eye (D)
  An ogre (D)
  A jelly (D)
  Ijyb (D)
7 creatures vanquished.

Notes
Turn   | Place    | Note
-------+----------+-------------------------------------------
     0 | D        | sircluck the Troll Berserker began the quest for the Orb.
     0 | D        | Reached XP level 1. HP: 22/22 MP: 0/0
     1 | D        | Noticed Ijyb
    29 | D        | Killed Ijyb
    30 | D        | Reached skill level 4 in Unarmed Combat
    30 | D        | Reached XP level 2. HP: 20/31 MP: 1/1
    45 | D        | Found a basalt altar of Yredelemnul.
    45 | D        | Found a hide-covered altar of Uskayaw.
    45 | D        | Found a hazy altar of Hepliaklqana.
    45 | D        | Found a shadowy altar of Dithmenos.
    45 | D        | Found a sacrificial altar of Ru.
    45 | D        | Found a snail-covered altar of Cheibriados.
    45 | D        | Found an opulent altar of Gozag.
    45 | D        | Found a sparkling altar of Nemelex Xobeh.
    46 | D        | Found an ancient bone altar of Kikubaaqudgha.
    46 | D        | Found Doabb's Assorted Antiques.
    46 | D        | Found a glowing golden altar of the Shining One.
    46 | D        | Found an iron altar of Okawaru.
    46 | D        | Found a bloodstained altar of Trog.
    46 | D        | Found a blossoming altar of Fedhas.
    46 | D        | Found a stormy altar of Qazlal.
    46 | D        | Found a white marble altar of Elyvilon.
    46 | D        | Found a glowing silver altar of Zin.
    46 | D        | Noticed a yak
    54 | D        | Killed a yak
    55 | D        | Reached skill level 5 in Fighting
    55 | D        | Reached skill level 5 in Dodging
    55 | D        | Reached skill level 7 in Unarmed Combat
    55 | D        | Reached XP level 3. HP: 37/42 MP: 2/2
    55 | D        | Reached XP level 4. HP: 45/50 MP: 3/3
    55 | D        | Reached XP level 5. HP: 51/57 MP: 4/4
    68 | D        | Found a shimmering blue altar of Sif Muna.
    68 | D        | Found a radiant altar of Vehumet.
    68 | D        | Found an ornate altar of the Wu Jian Council.
    70 | D        | Reached ** piety under Trog
    96 | D        | Bought a small brass amulet for 140 gold pieces
   122 | D        | Noticed Sigmund
   128 | D        | Killed Sigmund
   129 | D        | Reached skill level 8 in Unarmed Combat
   129 | D        | Reached XP level 6. HP: 66/68 MP: 5/5
   136 | D        | Reached skill level 9 in Unarmed Combat
   197 | D        | Found a burning altar of Makhleb.
   197 | D        | Found a viscous altar of Jiyva.
   197 | D        | Found a shimmering altar of Xom.
   197 | D        | Found a corrupted altar of Lugonu.
   197 | D        | Noticed a slime creature
   203 | D        | Killed a slime creature
   203 | D        | Reached *** piety under Trog
   204 | D        | Reached skill level 10 in Unarmed Combat
   204 | D        | Reached XP level 7. HP: 38/78 MP: 6/6
   230 | D        | Noticed a kobold demonologist
   230 | D        | Noticed a kobold demonologist
   231 | D        | Paralysed by a floating eye for 4 turns
   235 | D        | Noticed an ice devil
   242 | D        | Slain by a kobold demonologist

Illustrated notes

Levels and vault maps discovered:
D:        dungeon_sprint_1 [red_sonja_temple_1, red_sonja_temple_small_1]

Skill      XL: |  1  2  3  4  5  6  7 |
---------------+----------------------+-----
Fighting       | 3 5 6 7 |  7.7
Dodging        | 3 5 7 8 |  8.2
Unarmed Combat | 4 7 8 10 | 10.4
Stealth        | |  0.2

Action                     |  1- 3 |  4- 6 |  7- 9 || total
---------------------------+-------+-------+-------++-------
  Melee: Unarmed           |    30 |    14 |     8 ||    52
         Punch             |     1 |     1 |       ||     2
  Evoke: Wand              |     1 |       |       ||     1
 Armour: Animal skin       |     6 |       |     1 ||     7
  Dodge: Dodged            |     9 |     2 |     9 ||    20

Table legend: (Time is in decaauts)
 A = Elapsed time spent in this place.
 B = Non-inter-level travel time spent in this place.
 C = Inter-level travel time spent in this place.
 D = Time resting spent in this place.
 E = Time spent auto-exploring this place.
 F = Levels seen in this place.
 G = Mean time per level.
                   A        B        C        D        E       F      G
               +--------+--------+--------+--------+--------+-----+--------+
         Total |    237 |    230 |      7 |      0 |     68 |   1 |  237.0 |
       Dungeon |    237 |    230 |      7 |      0 |     68 |   1 |  237.0 |
               +--------+--------+--------+--------+--------+-----+--------+

Top non-repeatable levels by time:
       D: 237 daAuts
